 Dungeon Crawl Stone Soup version 0.23-a0-373-g305c090 (webtiles) character file.

199 beholder the Sneak (level 5, -5/31 HPs)
             Began as an Octopode Necromancer on Oct 25, 2018.
             Slain by a gnoll
             ... wielding a +0 halberd
              (8 damage)
             ... on level 4 of the Dungeon.
             The game lasted 00:18:31 (4280 turns).

beholder the Sneak (Octopode Necromancer)           Turns: 4280, Time: 00:18:31

Health: -5/31      AC:  2    Str:  8    XL:     5   Next: 77%
Magic:  2/19       EV: 12    Int: 18    God:
Gold:   150        SH:  0    Dex: 12    Spells: 2/10 levels left

rFire    . . .     SeeInvis .   d - +0 dagger
rCold    . . .     Gourm    .   (no shield)
rNeg     . . .     Faith    .   (helmet restricted)
rPois    .         Spirit   .   (no amulet)
rElec    .         Reflect  .   f - ring of magical power
rCorr    .         Harm     .   t - +1 ring of protection
MR       .....                  (no ring)
Stlth    ++++......             (no ring)
HPRegen  0.10/turn              (no ring)
MPRegen  0.16/turn              (no ring)
                                (no ring)
                                (no ring)

@: heavily drained
A: almost no armour, stealthy swim, amphibious, 8 rings, constrict 8, camouflage
1, gelatinous body 1
a: no special abilities


You were on level 4 of the Dungeon.
You were not hungry.

You visited 1 branch of the dungeon, and saw 4 of its levels.

You collected 150 gold pieces.

Inventory:

Hand Weapons
 d - a +0 dagger (weapon)
Missiles
 v - 5 tomahawks (quivered)
Jewellery
 f - a ring of magical power (left tentacle)
 t - a +1 ring of protection (right tentacle)
 u - an uncursed amulet of harm
Scrolls
 a - a scroll of noise {unknown}
 g - 6 scrolls of identify {unknown}
 h - 10 scrolls of teleportation {unknown}
 k - a scroll of immolation {unknown}
 l - 3 scrolls of amnesia {unknown}
 m - 2 scrolls of enchant weapon {unknown}
 n - 4 scrolls of remove curse {unknown}
 o - a scroll of enchant armour {unknown}
 p - a scroll of blinking {unknown}
 q - a scroll of magic mapping {unknown}
Potions
 c - 4 potions of curing {unknown}
 e - a potion of agility {unknown}
 i - 2 potions of might {unknown}
 j - 4 potions of brilliance {unknown}
 s - a potion of cancellation {unknown}
Comestibles
 b - 7 rations
 r - 9 chunks of flesh


   Skills:
 - Level 2.0(0.8) Dodging
 - Level 7.0(5.6) Stealth
 + Level 3.4(2.2) Spellcasting
 - Level 4.0(2.7) Necromancy


You had 2 spell levels left.
You knew the following spells:

 Your Spells              Type           Power        Failure   Level  Hunger
a - Pain                  Necr           ##..         6%          1    #......
d - Vampiric Draining     Necr           ##........   17%         3    ###....
r - Regeneration          Chrm/Necr      #.........   30%         3    ###....
s - Animate Skeleton      Necr           N/A          6%          1    #......

Your spell library contained the following spells:

 Spells                   Type           Power        Failure   Level  Hunger
 Animate Dead             Necr           N/A          50%         4    #####..


Dungeon Overview and Level Annotations

Branches:
Dungeon (4/15)
 Temple: D:4-7

Altars:
Dithmenos
Nemelex Xobeh


Innate Abilities, Weirdness & Mutations

You cannot wear most types of armour.
You are very stealthy in the water. (Stealth+)
You are amphibious.
You can wear up to eight rings at the same time.
You can use your tentacles to constrict eight enemies at once.
Your skin changes colour to match your surroundings (Stealth+).
Your rubbery body absorbs attacks. (AC +1, EV +1)


Message History

The gnoll shouts!
You hear a shout!
The gnoll closely misses you.
The orc priest invokes the aid of Beogh against you.
Beogh smites you!
Ouch! That really hurt!
* * * LOW HITPOINT WARNING * * *
You see here a chunk of flesh.
You take 16 damage, and have 1/31 hp.
MASSIVE DAMAGE!!
You now have 5/19 mp.
Casting: Animate Skeleton (safe; 6% risk of failure)
Confirm with . or Enter, or press ? or * to list all spells.
Aiming: Vampiric Draining (safe; 17% risk of failure)
Press: ? - help, Shift-Dir - straight line, f - gnoll
Aim: a gnoll, wielding a +0 halberd The gnoll is moderately wounded.
You feel life coursing into your body.
Your iguana skeleton barely misses the gnoll.
You regained 2 hp, and now have 3/31 hp.
You now have 2/19 mp.
The gnoll hits you from afar with a +0 halberd!
You die...

.................#
..........)......#
.................#
........)........####
.....................
######..........§...
#...gg........§._...
#..Z%#..............
#..@.#..........'...
#...Z#..........#...
##############...o#..........#...
#....#.......)....#..........##+#
#....#............'..............
#....#............#.....o........
#...##..###########.o............
#...##..####......#..............
#.................#..............


You could see an orc priest, 2 gnolls, a friendly iguana skeleton and a friendly
gnoll shaman skeleton.

Vanquished Creatures
  A gnoll shaman (D:4)
  4 adders
  6 worms
  3 dart slugs (D:1)
  5 leopard geckos
  An orc (D:4)
  6 goblins
  5 hobgoblins
  4 jackals
  A quokka (D:2)
  11 bats
  6 frilled lizards
  8 kobolds
  13 rats
74 creatures vanquished.

Vanquished Creatures (collateral kills)
  An iguana (D:4)
  3 gnolls (D:4)
4 creatures vanquished.

Grand Total: 78 creatures vanquished

Notes
Turn   | Place    | Note
-------+----------+-------------------------------------------
     0 | D:1      | beholder the Octopode Necromancer began the quest for the
                  | Orb.
     0 | D:1      | Reached XP level 1. HP: 11/11 MP: 3/3
    12 | D:1      | Reached skill level 3 in Stealth
   245 | D:1      | Reached XP level 2. HP: 15/17 MP: 5/5
   287 | D:1      | Learned a level 1 spell: Animate Skeleton
   329 | D:1      | Reached skill level 4 in Stealth
  1025 | D:1      | Reached XP level 3. HP: 20/21 MP: 3/6
  1080 | D:1      | Reached skill level 5 in Stealth
  1308 | D:1      | You fall through a shaft!
  1316 | D:2      | Learned a level 3 spell: Vampiric Draining
  1722 | D:2      | Found a sparkling altar of Nemelex Xobeh.
  1876 | D:1      | Reached XP level 4. HP: 26/27 MP: 7/7
  1940 | D:1      | Reached skill level 6 in Stealth
  3204 | D:3      | Reached skill level 7 in Stealth
  3365 | D:3      | Reached XP level 5. HP: 26/31 MP: 8/8
  3370 | D:3      | Learned a level 3 spell: Regeneration
  3936 | D:4      | Noticed a phantom
  4215 | D:4      | Found a shadowy altar of Dithmenos.
  4278 | D:4      | HP: 1/31 [orc priest/divine providence (16)]
  4280 | D:4      | Slain by a gnoll

Vault maps used:
D:1:      dpeg_arrival_simpleton_a
D:2:      kennysheep_six_static_rooms, first_ration, nemelex_spade_bored_becter
D:4:      grunt_dithmenos_smoke, okawaru_metal_pillars_1_2

Skill      XL: |  1  2  3  4  5 |
---------------+----------------+-----
Stealth        | 3 4 5 7 |  7.0
Spellcasting   | 3 |  3.4
Dodging        | |  2.0
Necromancy     | |  4.0

Action                   |  1- 3 |  4- 6 || total
-------------------------+-------+-------++-------
Melee: Unarmed           |    24 |       ||    24
       Constrict         |    18 |     8 ||    26
       Tentacles         |     7 |     3 ||    10
       Dagger            |    39 |    41 ||    80
Throw: Tomahawk          |       |     4 ||     4
 Cast: Pain              |    23 |    27 ||    50
       Vampiric Draining |       |    10 ||    10
       Animate Skeleton  |       |     5 ||     5
 Stab: Sleeping          |    18 |    14 ||    32
  Eat: Chunk             |     3 |     9 ||    12
Armor: Skin              |     6 |     4 ||    10
Dodge: Dodged            |    46 |    35 ||    81

Table legend:
 A = Non-vault XP
 B = Vault XP
 C = Vault XP percentage of total XP
 D = Non-vault monster count
 E = Vault monster count
 F = Vault count percentage of total count
                 A         B        C        D         E       F
            +---------+---------+-------+---------+---------+-------
      Total |     265 |      20 |   7.0 |      72 |       6 |   7.7
            +---------+---------+-------+---------+---------+-------
        D:1 |      59 |       0 |   0.0 |      34 |       0 |   0.0
        D:2 |      55 |      20 |  26.7 |      18 |       6 |  25.0
        D:3 |      42 |       0 |   0.0 |      11 |       0 |   0.0
        D:4 |     109 |       0 |   0.0 |       9 |       0 |   0.0
            +---------+---------+-------+---------+---------+-------
